 Dungeon Crawl Stone Soup version 0.31-a0-845-g9abc20d24f (webtiles) character file.

Game seed: 11719359731441809026

116 Maratek the Trooper (level 4, -4/35 HPs)
             Began as a Demonspawn Fighter on Oct 2, 2023.
             Was a Believer of Cheibriados.
             Slain by Ijyb
             ... wielding a +4 club
              (5 damage)
             ... on level 3 of the Dungeon.
             The game lasted 00:03:27 (1622 turns).

Maratek the Trooper (Demonspawn Fighter)            Turns: 1622, Time: 00:03:27

Health: -4/35      AC:  6    Str: 23    XL:     4   Next: 70%
Magic:  4/4        EV:  7    Int: 15    God:    Cheibriados [**....]
Gold:   34         SH: 17    Dex: 17    Spells: 3/3 levels left

rFire   . . .        a - +0 trident
rCold   . . .        n - +0 tower shield
rNeg    + . .        b - +0 scale mail
rPois   .            (no helmet)
rElec   .            (no cloak)
rCorr   .            (no gloves)
SInv    .            (no boots)
Will    .....        (no amulet) Stlth
                     m - ring of positive energy
HPRegen 0.25/turn    (no ring)
MPRegen 0.09/turn

%: no passive effects
@: very slow
A: hooves 1, condensation shield
a: Renounce Religion, Bend Time


You were on level 3 of the Dungeon.
You worshipped Cheibriados.
Cheibriados was pleased with you.
You visited 1 branch of the dungeon, and saw 3 of its levels.

You collected 34 gold pieces.

Inventory:

Hand Weapons
 a - a +0 trident (weapon)
Armour
 b - a +0 scale mail (worn)
 n - a +0 tower shield (worn)
Jewellery
 k - a ring of ice
 m - a ring of positive energy (left hand)
Scrolls
 e - 2 scrolls of immolation {unknown}
 f - a scroll of enchant weapon {unknown}
 h - 3 scrolls of identify {unknown}
 i - 2 scrolls of fog {unknown}
 j - a scroll of amnesia {unknown}
Potions
 d - a potion of might
 g - 2 potions of mutation {unknown}
 l - a potion of ambrosia {unknown}


   Skills:
 + Level 3.5 Fighting
 + Level 3.2 Polearms
 + Level 3.3 Armour
 + Level 0.3 Dodging
 + Level 3.1 Shields


You had 3 spell levels left.
You didn't know any spells.
Your spell library contained the following spells:

 Spells                   Type           Power      Damage    Failure   Level
 Cigotuvi's Dreadful Rot  Necr/Pois/Air  0%         N/A       99%         2
 Dispel Undead            Necr           0%         3d6       100%        4
 Death Channel            Necr           0%         N/A       100%        6


Dungeon Overview and Level Annotations

Branches:
Dungeon (3/15)

Altars:
Cheibriados

Annotations:
D:3 Ijyb


Innate Abilities, Weirdness & Mutations

You have large cloven feet.
A meltable shield of frost defends you. (SH +4)


Message History

Ijyb is moderately wounded.
The bat completely misses you. You block the orc's attack.
Ijyb hits you with a +4 club. You block the orc's attack.
You block Ijyb's attack.
You puncture Ijyb!
Ijyb is severely wounded.
You block the bat's attack. You block the orc's attack.
You block Ijyb's attack.
You hit Ijyb. You kick Ijyb, but do no damage.
Ijyb is severely wounded.
You block the bat's attack. The orc barely misses you.
Ijyb hits you but does no damage. You block the bat's attack.
You hit Ijyb. Your kick misses Ijyb.
Ijyb is severely wounded.
You block the bat's attack. The orc hits you with a +0 dagger.
* * * LOW HITPOINT WARNING * * *
Ijyb hits you with a +4 club.
* * * LOW HITPOINT WARNING * * *
You block the orc's attack. Ijyb barely misses you.
You hit Ijyb but do no damage. Your kick misses Ijyb.
Ijyb is severely wounded.
The bat hits you but does no damage. You block the bat's attack.
The orc hits you with a +0 dagger.
* * * LOW HITPOINT WARNING * * *
You block Ijyb's attack.
You closely miss Ijyb. Your kick misses Ijyb.
Ijyb is severely wounded.
You block the bat's attack. The orc barely misses you.
Ijyb hits you with a +4 club.
* * * LOW HITPOINT WARNING * * *
The orc hits you with a +0 dagger.
* * * LOW HITPOINT WARNING * * *
Ijyb hits you with a +4 club.
* * * LOW HITPOINT WARNING * * *
The bat hits you but does no damage.
You hit Ijyb.
Ijyb is almost dead.
You block the bat's attack. The orc hits you but does no damage.
Ijyb hits you with a +4 club.
You die...

#. #. ....... #.
....... #. .......
######.###.......
+........#.......
...#######..#.......
............#..b....
+#####.###.@g......
#####'#<#..o......
.#.......#.#.?.....
#........##.#..#####
.......)).#.#...#
..........#[#.#...
.##.......#.#.###.#
#.......#.#.# .#
+.......#


You could see Ijyb, an orc and a bat.

Vanquished Creatures
  5 adders (D:2)
  A dart slug (D:2)
  3 orcs (D:3)
  5 endoplasms
  A giant cockroach (D:2)
  4 goblins (D:1)
  6 hobgoblins
  4 jackals (D:2)
  A quokka (D:1)
  8 ball pythons
  5 bats
  2 frilled lizards
  11 kobolds
  8 rats
64 creatures vanquished.

Notes
Turn   | Place    | Note
-------+----------+-------------------------------------------
     0 | D:1      | Maratek the Demonspawn Fighter began the quest for the Orb.
     0 | D:1      | Reached XP level 1. HP: 18/18 MP: 1/1
   221 | D:1      | Discovered your monstrous ancestry.
   221 | D:1      | Gained mutation: You have large cloven feet. [demonic
                  | ancestry]
   221 | D:1      | Reached XP level 2. HP: 19/24 MP: 2/2
   415 | D:1      | Found a faded altar of an unknown god.
   425 | D:1      | Reached XP level 3. HP: 22/29 MP: 3/3
   433 | D:1      | Prayed at the altar of an unknown god.
   433 | D:1      | Became a worshipper of Cheibriados the Contemplative
   433 | D:1      | Reached * piety under Cheibriados
   824 | D:2      | Gained mutation: A meltable shield of frost defends you.
                  | (SH +4) [demonic ancestry]
   824 | D:2      | Reached XP level 4. HP: 25/35 MP: 4/4
   943 | D:2      | Identified the +2 pair of boots "Welaah" {rC+}
  1093 | D:2      | Reached ** piety under Cheibriados
  1604 | D:3      | Noticed Ijyb
  1621 | D:3      | HP: 1/35 [Ijyb/+4 club (2)]
  1622 | D:3      | Slain by Ijyb

Illustrated notes

Levels and vault maps discovered:
D:1:      minmay_arrival_pointy, layout_basic, serial_glass, glass_columns_c,
          glass_columns_a, minmay_strange_pillars,
          nicolae_ecumenical_snake_handling, lexackson_kobold_supper
D:2:      minmay_spotlight, layout_loops_ring, minmay_misc_feat_roman
D:3:      layout_basic, serial_shops, nicolae_shop_pleasant_corner_grove,
          kennysheep_nondescript, uniq_ijyb

Skill      XL: |  1  2  3  4 |
---------------+-------------+-----
Armour         | 3 |  3.3
Shields        | 3 |  3.1
Polearms       | 2 3 |  3.2
Fighting       | |  3.5
Dodging        | |  0.3

Action                     |  1- 3 |  4- 6 || total
---------------------------+-------+-------++-------
  Melee: Trident           |   114 |    64 ||   178
         Kick              |     9 |    15 ||    24
 Armour: Scale mail        |    80 |    40 ||   120
  Dodge: Dodged            |    56 |    15 ||    71
  Block: Buckler           |    30 |    12 ||    42
         Tower shield      |       |    49 ||    49

Table legend: (Time is in decaauts)
 A = Elapsed time spent in this place.
 B = Non-inter-level travel time spent in this place.
 C = Inter-level travel time spent in this place.
 D = Time resting spent in this place.
 E = Time spent auto-exploring this place.
 F = Levels seen in this place.
 G = Mean time per level.
                   A        B        C        D        E       F      G
               +--------+--------+--------+--------+--------+-----+--------+
         Total |   2055 |   1965 |     90 |      0 |   1559 |   3 |  685.0 |
       Dungeon |   2055 |   1965 |     90 |      0 |   1559 |   3 |  685.0 |
               +--------+--------+--------+--------+--------+-----+--------+

Top non-repeatable levels by time:
     D:2: 1225 daAuts
     D:1: 725 daAuts
     D:3: 104 daAuts
